 Dungeon Crawl Stone Soup version 0.17.1-1-g73c8601 (webtiles) character file.

107 sirjcollins the Shooter (level 4, 0/29 HPs)
             Began as a High Elf Hunter on Jan 7, 2016.
             Succumbed to an adder's poison
             ... on level 2 of the Dungeon on Jan 8, 2016.
             The game lasted 00:24:41 (2253 turns).

sirjcollins the Shooter (High Elf Hunter)           Turns: 2253, Time: 00:24:41

Health: 0/29       AC:  5    Str: 11    XL:     4   Next: 56%
Magic:  5/5        EV: 11    Int: 15    God:
Gold:   76         SH:  0    Dex: 16    Spells: 0 memorised, 3 levels left

rFire  . . .     SeeInvis .     z - +0 dagger (flame)
rCold  + . .     Clarity  .     r - +0 ring mail
rNeg   . . .     SustAt   .     (no shield)
rPois  .         Gourm    .     (no helmet)
rElec  .         Spirit   .     (no cloak)
rCorr  .         Warding  .     (no gloves)
rMut   .         Stasis   .     (no boots)
MR     .....                    (no amulet)
Stlth  +.........               (no ring)
                                y - ring of protection from cold

@: lethally poisoned (0 -> -21), not resistant to hostile enchantments, very
unstealthy
A: no striking features
a: no special abilities


You were on level 2 of the Dungeon.
You were not hungry.

You visited 1 branch of the dungeon, and saw 3 of its levels.

You collected 76 gold pieces.

Inventory:

Hand Weapons
 a - a +1 shortbow
 b - a +0 short sword
 d - a +2 hunting sling of flaming
 g - a +0 whip
 l - a +0 club
 m - a +0 club
 n - a +0 mace
 o - a +0 short sword
 p - a +0 hand axe
 s - a +0 short sword
 t - a +0 club
 w - a +0 whip
 z - a +0 dagger of flaming (weapon)
 A - a +0 falchion
Missiles
 j - 11 stones (quivered)
 x - 42 bolts
Armour
 c - a +0 leather armour
 r - a +0 ring mail (worn)
 v - a +0 leather armour
Jewellery
 y - a ring of protection from cold (left hand)
Scrolls
 i - 3 scrolls of teleportation {unknown}
 k - 3 scrolls of identify
 q - a scroll of amnesia {unknown}
 u - a scroll of immolation {unknown}
Potions
 f - a potion of lignification {unknown}


   Skills:
 + Level 2.2 Fighting
 + Level 0.5 Short Blades
 + Level 7.0 Bows
 + Level 1.0 Throwing
 + Level 0.8 Armour
 + Level 2.7 Dodging
 + Level 1.2 Stealth


You had 3 spell levels left.
You didn't know any spells.

Dungeon Overview and Level Annotations

Branches:
Dungeon (3/15)

Altars:


Message History

Wield which item (- for none, * to show all)? (? for menu, Esc to quit)
It bursts into flame!
z - a +0 dagger of flaming (weapon)
* * * LOW HITPOINT WARNING * * *
You feel sick. The adder bites you.
* * * LOW HITPOINT WARNING * * *
You are more poisoned.
The adder poisons you!
Unknown command.
You closely miss the adder.
The adder is heavily wounded.
* * * LOW HITPOINT WARNING * * *
You feel sick. The adder bites you.
* * * LOW HITPOINT WARNING * * *
You are more poisoned.
The adder poisons you!
Unknown command.
You closely miss the adder.
The adder is heavily wounded.
You die...

######## #......#
#......#
##############(@S..(##
..................(....
#####.....##....((...
.. #.###.#######.(..
..# #.# #.# .((
###..#.#.# #.# ..
#....#.#.# #.# .
#.#.##.#.# ...
....##.#.####### . #.##


You could see an adder.

Vanquished Creatures
  Robin (D:2)
  2 adders (D:2)
  2 oozes
  2 worms (D:2)
  3 giant geckos
  4 giant cockroaches
  17 goblins
  8 hobgoblins
  3 jackals (D:1)
  6 kobolds
  2 bats (D:1)
  2 giant newts (D:1)
  6 rats
58 creatures vanquished.

Vanquished Creatures (others)
  A worm (D:2)
1 creature vanquished.

Grand Total: 59 creatures vanquished

Notes
Turn   | Place    | Note
--------------------------------------------------------------
     0 | D:1      | sirjcollins the High Elf Hunter began the quest for the Orb.
     0 | D:1      | Reached XP level 1. HP: 14/14 MP: 2/2
   123 | D:1      | Reached XP level 2. HP: 17/19 MP: 3/3
   128 | D:1      | Reached skill level 6 in Bows
   594 | D:1      | Reached XP level 3. HP: 18/24 MP: 4/4
  1016 | D:2      | Found a faded altar to an unknown god.
  1017 | D:2      | Noticed Robin
  1023 | D:2      | Killed Robin
  1058 | D:2      | Reached XP level 4. HP: 8/29 MP: 5/5
  1999 | D:2      | Reached skill level 7 in Bows
  2239 | D:2      | Reached skill level 1 in Throwing
  2252 | D:2      | HP: 1/29 [adder (1)]
  2253 | D:2      | Succumbed to an adder's poison

Action                   |  1- 3 |  4- 6 || total
-------------------------+-------+-------++-------
Melee: Short sword       |    23 |    12 ||    35
       Dagger            |       |     5 ||     5
 Fire: Shortbow          |    99 |    52 ||   151
       Hunting sling     |       |    11 ||    11
Throw: Stone             |    21 |    18 ||    39
       Throwing net      |     1 |       ||     1
  Use: Scroll            |     2 |     1 ||     3
       Potion            |     1 |       ||     1
  Eat: Bread ration      |       |     1 ||     1
